 Dungeon Crawl Stone Soup version 0.19-a0-733-geeb8733 (webtiles) character file.

46 MrRokkomies the Vexing (level 3, 24/24 HPs)
             Began as a Vampire Enchanter on June 22, 2016.
             Was a Follower of Trog.
             Quit the game on level 2 of the Dungeon.
             The game lasted 00:02:53 (1216 turns).

MrRokkomies the Vexing (Vampire Enchanter)          Turns: 1216, Time: 00:02:54

Health: 24/24      AC:  5    Str:  7    XL:     3   Next: 46%
Magic:  6/6        EV: 12    Int: 18    God:    Trog [*.....]
Gold:   77         SH:  0    Dex: 14    Spells: 2 memorised, 3 levels left

rFire  . . .     SeeInvis +     a - +1 dagger
rCold  + . .     Gourm    .     g - +1 leather armour {rPois}
rNeg   + + .     Faith    .     (no shield)
rPois  +         Spirit   .     (no helmet)
rElec  .         Dismiss  .     h - +0 cloak
rCorr  .         Reflect  .     (no gloves)
SustAt .         Harm     .     (no boots)
MR     .....                    (no amulet)
Stlth  +++.......               (no ring)
                                (no ring)

@: regenerating slowly, not resistant to hostile enchantments, fairly stealthy
A: fangs 3, see invisible, unbreathing
a: Bat Form, Berserk, Burn Spellbooks, Renounce Religion


You were on level 2 of the Dungeon.
You worshipped Trog.
Trog was aware of your devotion.
You were thirsty.

You visited 1 branch of the dungeon, and saw 2 of its levels.

You collected 77 gold pieces.

Inventory:

Hand Weapons
 a - a +1 dagger (weapon)
Armour
 g - a +1 leather armour of poison resistance (worn)
 h - a +0 cloak (worn)
Scrolls
 f - a scroll of teleportation {unknown}
 k - a scroll of enchant weapon {unknown}
Potions
 b - a potion of cure mutation {unknown}
 d - a potion of blood
 e - a potion of cancellation {unknown}
 i - a potion of flight {unknown}
 j - a potion of lignification {unknown}
Books
 c - a book of Maledictions

   Spells                             Type                      Level
   a - Corona                         Hexes                        1
   b - Ensorcelled Hibernation        Hexes/Ice                    2
   c - Confuse                        Hexes                        3
   d - Tukima's Dance                 Hexes                        3
   e - Dazzling Spray                 Conjuration/Hexes            3
   Trog disapproves of the use of such an item.


   Skills:
 * Level 2.7 Short Blades
 - Level 2.1 Dodging
 - Level 4.4 Stealth
 - Level 2.0 Spellcasting
 - Level 5.6 Hexes


You had 3 spell levels left.
You knew the following spells:

 Your Spells              Type           Power        Failure   Level  Hunger
a - Corona                Hex            ###....      2%          1    #......
b - Ensorcelled Hibernat  Hex/Ice        ##....       14%         2    ###....


Dungeon Overview and Level Annotations

Branches:
Dungeon (2/15)

Altars:
Trog

Annotations:
D:2 Sigmund


Innate Abilities, Weirdness & Mutations

You heal slowly.
You have razor-sharp teeth.
You have supernaturally acute eyesight. (SInv)
You can survive without breathing.


Message History

The hobgoblin hits you.
You closely miss the hobgoblin.
The hobgoblin is almost dead.
The hobgoblin misses you.
You hit the hobgoblin.
You kill the hobgoblin!
You start resting.
Magic restored.
You start resting.
HP restored.
Found a faded altar of an unknown god.
There is a faded altar of an unknown god here.
This altar will convert you to a god.
You cannot discern which.
Do you pray?
Okay, then.
This altar will convert you to a god.
You cannot discern which.
Do you pray? Trog accepts your prayer! Trog welcomes you!
You can now call upon Trog to burn spellbooks in your surroundings.
You can now go berserk at will.
Are you sure you want to abandon this character and quit the game? (Confirm with "yes".)

####### #.....# #..#..#
.@ ##.#@#.####.##
#...#.....%..#
#......###...#
###....######..# #.#
............##.<#####..
#####.#####..........<#.
#. #.......#.... #.
#..†....#..# #
#.......#..#


There were no monsters in sight!

Vanquished Creatures
  An adder (D:2)
  An ooze (D:1)
  2 dart slugs (D:1)
  4 bats (D:1)
  4 giant cockroaches (D:1)
  3 goblins (D:1)
  4 hobgoblins
  5 kobolds (D:1)
  A rat (D:1)
25 creatures vanquished.

Notes
Turn   | Place    | Note
--------------------------------------------------------------
     0 | D:1      | MrRokkomies the Vampire Enchanter began the quest for the Orb.
     0 | D:1      | Reached XP level 1. HP: 13/13 MP: 3/3
   262 | D:1      | Reached XP level 2. HP: 9/19 MP: 3/5
   266 | D:1      | Reached skill level 5 in Hexes
   461 | D:1      | Learned a level 2 spell: Ensorcelled Hibernation
   833 | D:1      | Reached XP level 3. HP: 24/24 MP: 6/6
  1073 | D:2      | Noticed Sigmund
  1212 | D:2      | Found a faded altar of an unknown god.
  1216 | D:2      | Became a worshipper of Trog the Wrathful
  1216 | D:2      | Reached * piety under Trog
  1216 | D:2      | Quit the game

Vault maps used:
D:1:      dpeg_arrival_circle_labyrinth_a, minmay_fountain_box
D:2:      kennysheep_six_static_rooms, first_bread, ecumenical_altar_1,
          minmay_tree_intersection, minivault_24, uniq_sigmund, uniq_jessica,
          uniq_iyjb

Skill      XL: |  1  2 |
---------------+-------+-----
Hexes          | 5 |  5.6
Short Blades   | 2 |  2.7
Dodging        | |  2.1
Stealth        | |  4.4
Spellcasting   | |  2.0

Action                   || total
-------------------------++-------
Melee: Dagger            ||   101
       Bite              ||    12
 Cast: Corona            ||     2
       Ensorcelled Hiber ||     2
  Use: Scroll            ||     1
 Stab: Sleeping          ||     6
Armor: Leather armour    ||    32
Dodge: Dodged            ||    67
